Map: Traitor's Exile

Players

Johnny

  • Race: Protoss Protoss
  • Spawn Location: 12:00

EDWINCQ

  • Race: Protoss Protoss
  • League: Gold
  • Spawn Location: 9:00

fiddlermcgee - Winner!

  • Race: Terran Terran
  • Spawn Location: 6:00

Subwayeatn - Winner!

  • Race: Zerg Zerg
  • Spawn Location: 5:00

VOD

Have the link to the VOD?

Description

Time

  • Played on: Oct. 19, 2019, 10:37 p.m.
  • Length: 13:58
Show
View Real Time Build Order
Export as new Build Order

Johnny Protoss 

Build Orders: 1 Gate Expand, Forge Fast Expand (FFE) 

Get SALT Encoding   

  12  0:02  Probe (Chrono Boost)  
  14  0:14  Probe (Chrono Boost)  
  14  0:26  Pylon  
  14  0:29  Assimilator  
  14  0:40  Probe  
  15  0:50  Gateway  
  15  0:56  Forge  
  15  1:01  Probe  
  16  1:33  Nexus  
  16  1:48  Photon Cannon  
  16  1:54  Zealot  
  18  2:07  Cybernetics Core  
  18  2:12  Probe (Chrono Boost)  
  19  2:22  Probe (Chrono Boost)  
  20  2:30  Photon Cannon  
  20  2:42  Gateway  
  20  2:50  Probe  
  21  3:00  Warp Gate (Chrono Boost), Gateway  
  21  3:02  Probe  
  22  3:12  Pylon  
  22  3:17  Probe (Chrono Boost)  
  22  3:18  Pylon, Probe (Chrono Boost)  
  24  3:28  Assimilator  
  24  3:29  Probe (Chrono Boost)  
  25  3:34  Probe (Chrono Boost)  
  26  3:48  Zealot  
  26  3:49  Zealot  
  26  3:50  Stalker  
  26  3:53  Probe (Chrono Boost)  
  34  4:03  Photon Cannon, Probe (Chrono Boost)  
  34  4:13  Photon Cannon  
  34  4:18  Gateway  
  34  4:54  Probe  
  34  4:58  Stalker x2  
  34  4:59  Stalker  
  41  5:06  Probe  
  40  5:18  Probe (Chrono Boost)  
  41  5:27  Twilight Council  
  41  5:28  Probe (Chrono Boost)  
  42  5:31  Gateway  
  42  5:32  Probe (Chrono Boost)  
  43  5:38  Zealot  
  43  5:39  Zealot x3  
  51  5:43  Pylon  
  51  5:44  Probe  
  52  5:50  Pylon  
  52  6:02  Zealot  
  52  6:03  Zealot x3  
  60  6:21  Robotics Facility  
  60  6:32  Nexus  
  60  6:36  Pylon  
  60  6:39  Photon Cannon  
Show
View Real Time Build Order
Export as new Build Order

EDWINCQ Protoss 

Build Orders: 1 Gate Expand 

Get SALT Encoding   

  12  0:02  Probe (Chrono Boost)  
  13  0:11  Probe (Chrono Boost)  
  14  0:16  Probe (Chrono Boost)  
  15  0:23  Pylon  
  15  0:41  Probe  
  16  0:44  Gateway  
  16  0:49  Gateway  
  16  0:54  Probe (Chrono Boost)  
  17  1:03  Assimilator  
  17  1:06  Probe (Chrono Boost)  
  18  1:38  Zealot  
  20  1:42  Nexus  
  20  1:46  Cybernetics Core  
  20  1:51  Pylon  
  20  1:58  Probe (Chrono Boost)  
  21  2:02  Zealot  
  23  2:10  Probe (Chrono Boost)  
  24  2:19  Probe (Chrono Boost)  
  25  2:23  Warp Gate, Assimilator  
  25  2:24  Probe  
  26  2:35  Stalker  
  26  2:36  Probe  
  29  2:54  Probe (Chrono Boost)  
  30  2:59  Pylon  
  30  3:04  Probe (Chrono Boost)  
  31  3:09  Forge, Probe (Chrono Boost)  
  32  3:20  Probe (Chrono Boost)  
  32  3:27  Stalker x2, Probe (Chrono Boost)  
  34  3:29  Probe (Chrono Boost)  
  34  3:55  Gateway x2  
  29  4:25  Zealot  
  31  4:38  Protoss Ground Armor Level 1  
  31  4:40  Pylon  
  31  4:43  Pylon  
  31  4:48  Robotics Facility  
  31  5:02  Zealot x4  
  39  5:07  Twilight Council  
  39  5:10  Probe (Chrono Boost)  
  40  5:35  Warp Prism  
  42  5:45  Pylon  
  42  5:52  Charge (Chrono Boost)  
  42  5:53  Pylon  
  42  5:58  Pylon  
  42  6:01  Pylon  
  42  6:02  Photon Cannon  
  42  6:23  Gateway  
  42  6:25  Gateway  
  42  6:27  Gateway  
  42  6:32  Gateway  
  42  6:51  Observer  
  43  7:00  Protoss Ground Weapons Level 1 (Chrono Boost)  
  43  7:13  Zealot x4  
  43  8:16  Zealot x2  
  43  8:17  Zealot x6  
  57  8:36  Blink  
  43  9:02  Protoss Ground Armor Level 2 (Chrono Boost)  
  43  9:13  Zealot x3  
  43  9:14  Zealot  
  51  9:17  Zealot  
  53  9:30  Zealot  
  55  9:37  Zealot  
  43  10:20  Nexus  
  43  11:16  Zealot x4  
  43  11:17  Zealot  
  53  11:20  Zealot  
  55  11:31  Zealot  
  57  11:44  Zealot  
Show
View Real Time Build Order
Export as new Build Order

fiddlermcgee Terran - Winner!

Build Orders:  

Get SALT Encoding   

  12  0:01  SCV  
  13  0:16  SCV  
  14  0:30  SCV  
  15  1:03  Supply Depot  
  15  1:25  SCV  
  16  1:27  Supply Depot  
  16  1:31  Refinery  
  16  1:37  SCV  
  17  1:49  SCV  
  17  1:53  Supply Depot  
  17  1:54  Barracks  
  18  2:01  SCV  
  19  2:13  SCV  
  20  2:25  Command Center  
  20  2:26  SCV  
  21  2:38  SCV  
  22  2:45  Refinery  
  22  2:46  Supply Depot  
  22  2:50  Reaper, SCV  
  24  3:02  SCV  
  25  3:09  Supply Depot  
  25  3:14  SCV  
  26  3:22  Reaper  
  27  3:38  Orbital Command  
  27  3:43  Supply Depot  
  26  4:20  SCV x2  
  28  4:32  SCV x2  
  28  4:33  Barracks, Barracks Tech Lab  
  30  4:44  SCV x2  
  32  4:56  Marine, SCV x2  
  34  5:08  SCV x2  
  36  5:14  Marine  
  36  5:19  Stimpack  
  36  5:20  SCV  
  38  5:23  Barracks  
  38  5:24  SCV  
  39  5:29  Refinery  
  39  5:32  Refinery, Marine, SCV  
  39  5:34  Barracks Reactor  
  41  5:37  SCV  
  42  5:44  SCV  
  42  5:49  SCV  
  44  5:50  Marine  
  44  5:57  SCV  
  46  6:01  SCV  
  47  6:08  Command Center, Marine  
  47  6:09  SCV  
  47  6:11  Barracks  
  49  6:13  Engineering Bay  
  49  6:20  Marine x2  
  49  6:23  Engineering Bay  
  51  6:32  Orbital Command  
  51  6:38  Marine x2  
  53  6:43  Terran Infantry Armor Level 1  
  53  6:56  Marine x2  
  53  6:58  Combat Shield  
  55  7:13  Marine  
  55  7:14  Marine  
  55  8:07  Missile Turret  
  55  8:15  SCV  
  56  8:27  SCV  
  57  8:37  Terran Infantry Weapons Level 1  
  57  8:39  SCV  
  58  9:00  Missile Turret  
  59  9:02  SCV  
  59  9:03  SCV x2  
  61  9:14  SCV  
  61  9:15  SCV x2  
  64  9:27  SCV x2  
  66  9:31  Marine x3, Barracks Reactor  
  66  9:32  Marine  
  69  10:21  Barracks Reactor  
  69  10:22  Marine x5  
  74  10:31  Hi-Sec Auto Tracking  
  74  10:39  Marine  
  74  10:40  Marine x4  
  74  10:41  Refinery  
  74  10:42  Orbital Command  
  79  10:57  Marine  
  79  10:58  Marine x4  
  79  11:02  Marine  
  79  11:03  Marine  
  86  11:15  Marine  
  86  11:16  Marine x4  
  91  11:20  Marine  
  91  11:21  Marine  
  93  11:28  Neosteel Armor  
  90  11:33  Marine x3  
  90  11:37  Marine  
  93  12:17  Concussive Shells  
  93  12:23  Marine  
  93  12:24  Marine  
  93  12:25  Marine x2  
  93  12:26  Marine  
  93  12:27  Marine x2  
  80  12:41  Marine  
  80  12:42  Marine  
  80  12:43  Marine x3  
  84  12:45  Marine x2  
  86  12:59  Marine x2  
  86  13:01  Marine x3  
  86  13:03  Marine x2  
Show
View Real Time Build Order
Export as new Build Order

Subwayeatn Zerg - Winner!

Build Orders: Hatch First 

Get SALT Encoding   

  12  0:01  Drone  
  13  0:09  Drone  
  14  0:18  Overlord  
  14  0:49  Hatchery  
  13  0:51  Drone x2  
  15  1:00  Drone  
  16  1:13  Spawning Pool  
  16  1:17  Drone  
  16  1:21  Extractor  
  15  1:35  Drone x3  
  18  1:47  Drone  
  19  2:00  Queen  
  21  2:01  Zergling x2  
  21  2:02  Zergling x2  
  23  2:10  Overlord  
  23  2:23  Queen  
  23  2:29  Metabolic Boost  
  25  2:35  Drone  
  26  2:40  Zergling x2  
  26  2:43  Zergling x2  
  28  3:12  Zergling x4  
  30  3:13  Zergling x2  
  31  3:21  Drone  
  31  3:22  Drone x2  
  31  3:25  Hatchery  
  33  3:53  Queen  
  33  3:54  Drone  
  36  4:00  Overlord x2  
  36  4:21  Zergling x10  
  39  4:39  Extractor x2, Drone x4  
  39  4:40  Queen  
  39  4:43  Drone x5  
  39  4:44  Drone  
  48  5:01  Drone x5  
  52  5:17  Drone x6  
  58  5:22  Lair  
  58  5:23  Extractor  
  58  5:28  Drone  
  58  5:29  Roach Warren  
  58  5:30  Overlord  
  57  5:44  Drone  
  57  5:46  Overlord x3  
  58  5:56  Drone x5  
  63  5:58  Drone x3  
  66  6:06  Evolution Chamber  
  66  6:07  Evolution Chamber  
  66  6:09  Overlord  
  66  6:10  Overlord  
  64  6:16  Spine Crawler  
  64  6:17  Drone x2  
  65  6:18  Drone  
  65  6:22  Glial Reconstitution  
  66  6:27  Drone x3  
  69  6:33  Zerg Missile Weapons Level 1  
  69  6:34  Zerg Ground Armor Level 1  
  69  6:42  Overlord  
  69  6:47  Overseer  
  69  6:50  Overseer  
  69  7:00  Roach x9  
  69  7:01  Roach  
  89  7:04  Overseer  
  89  7:06  Overlord  
  89  7:08  Overlord  
  81  7:40  Spore Crawler  
  80  7:46  Roach  
  80  7:47  Roach x12  
  106  7:52  Drone  
  106  7:58  Infestation Pit, Drone x2  
  106  8:04  Extractor  
  107  8:07  Extractor  
  107  8:12  Zergling x2  
  107  8:14  Zergling x2  
  107  8:15  Zergling x2  
  109  8:20  Pneumatized Carapace  
  109  8:30  Hatchery  
  107  8:35  Drone  
  107  8:36  Drone x9  
  111  9:00  Infestor x4  
  119  9:04  Ravager  
  119  9:05  Ravager  
  119  9:07  Overlord x4  
  119  9:08  Overlord x3  
  120  9:26  Zergling x2  
  120  9:27  Zergling x10  
  120  9:30  Zerg Missile Weapons Level 2  
  120  9:31  Zerg Ground Armor Level 2  
  126  9:40  Pathogen Glands  
  126  9:47  Hydralisk Den  
  126  9:52  Spine Crawler  
  122  10:07  Zergling x2  
  122  10:08  Roach x5  
  122  10:09  Roach x7  
  122  10:10  Roach x2  
  151  10:18  Grooved Spines  
  151  10:19  Hydralisk  
  153  10:24  Zergling x2  
  153  10:25  Zergling x8  
  158  10:31  Ravager  
  158  10:32  Ravager  
  160  10:39  Extractor x2, Drone x3  
  149  10:59  Hydralisk x6  
  149  11:00  Hydralisk x2  
  162  11:15  Hydralisk  
  162  11:16  Roach x2, Hydralisk x3  
  172  11:28  Spine Crawler  
  172  11:29  Muscular Augments  
  172  11:30  Spine Crawler  
  170  11:38  Zergling x10  
  175  11:46  Hive  
  175  11:59  Queen  
  171  13:35  Zergling x10  
Tags
 
Add a new tag
Caveats
  • Supply blocks, unpowered buildings, or Contaminate may cause inaccurate times.
  • Supply counts are checked every 10 seconds.